 Dungeon Crawl Stone Soup version 0.22.0-38-g04b72b8 (webtiles) character file.

2942 Lew the Cleaver (level 9, -19/54 HPs)
             Began as a Gargoyle Fighter on Aug 30, 2018.
             Was an Initiate of Gozag.
             Killed from afar by a steam dragon (21 damage)
             ... with a ball of steam
             ... on level 8 of the Dungeon.
             The game lasted 00:16:03 (7107 turns).

Lew the Cleaver (Gargoyle Fighter)                  Turns: 7107, Time: 00:16:04

Health: -19/54     AC: 15    Str: 25    XL:     9   Next: 80%
Magic:  9/9        EV: 12    Int:  9    God:    Gozag
Gold:   956        SH: 12    Dex: 20    Spells: 8/8 levels left

rFire    . . .     SeeInvis .   a - +0 war axe
rCold    . . .     Gourm    .   c - +1 shield
rNeg     + . .     Faith    .   b - +0 scale mail
rPois    ∞         Spirit   .   (helmet restricted)
rElec    +         Reflect  .   (no cloak)
rCorr    .         Harm     .   (no gloves)
MR       .....                  (no boots)
Stlth    ++........             k - amulet of the acrobat
HPRegen  0.18/turn              B - +6 ring of dexterity
MPRegen  0.11/turn              r - ring of flight

@: mighty, about to teleport
A: beak, thin metallic scales 1, thin skeletal structure 1, negative energy
resistance 1, electricity resistance, unbreathing, evolution 1, petrification
resistance, rot immunity, AC +6
a: Potion Petition, Call Merchant, Bribe Branch, Renounce Religion, Evoke Flight


You were on level 8 of the Dungeon.
You worshipped Gozag.
Gozag was pleased with you.
You were near starving.

You visited 2 branches of the dungeon, and saw 9 of its levels.
You also visited: Sewer.

You collected 1217 gold pieces.
You spent 252 gold pieces at shops.
You paid 9 gold pieces to Gozag.

Inventory:

Hand Weapons
 a - a +0 war axe (weapon)
Armour
 b - a +0 scale mail (worn)
 c - a +1 shield (worn)
Jewellery
 k - an amulet of the acrobat (around neck)
 r - a ring of flight (right hand)
 w - an uncursed amulet of the gourmand
 B - a +6 ring of dexterity (left hand)
Wands
 t - a wand of iceblast (10)
Scrolls
 i - 2 scrolls of noise
 l - 2 scrolls of enchant armour
 n - 5 scrolls of remove curse
 p - 2 scrolls of random uselessness {unknown}
 s - a scroll of magic mapping
 u - a scroll of teleportation
 v - a scroll of fear {unknown}
 y - a scroll of identify
 z - a scroll of fog
Potions
 e - a potion of flight
 g - a potion of haste
 h - a potion of invisibility {unknown}
 j - 3 potions of brilliance
 m - 5 potions of curing
 o - a potion of magic
 q - 7 potions of heal wounds
 x - 2 potions of agility
Comestibles
 f - 11 rations


   Skills:
 - Level 5.0 Fighting
 * Level 8.4 Axes
 - Level 5.0 Armour
 - Level 5.0 Dodging
 - Level 5.0 Stealth
 - Level 5.0 Shields


You had 8 spell levels left.
You didn't know any spells.
Your spell library contained the following spells:

 Spells                   Type           Power        Failure   Level  Hunger
 Magic Dart               Conj           #...         97%         1    ##.....
 Blink                    Tloc           N/A          99%         2    ###....
 Call Imp                 Summ           #.......     99%         2    ###....
 Slow                     Hex            #.......     99%         2    ###....
 Conjure Flame            Conj/Fire      #.......     100%        3    ####...
 Mephitic Cloud           Conj/Pois/Air  #.......     100%        3    ####...


Dungeon Overview and Level Annotations

Branches:
Dungeon (8/15)             Temple (1/1) D:6
   Lair: D:8-11

Altars:
Ashenzari
Cheibriados
Elyvilon
Gozag
Hepliaklqana
Kikubaaqudgha
Makhleb
Nemelex Xobeh
Okawaru
Ru
Sif Muna
Trog
Uskayaw
Vehumet
Wu Jian
Xom
Yredelemnul
Zin
The Shining One
Lugonu

Shops:
D:4 *


Innate Abilities, Weirdness & Mutations

You are resistant to torment.
Your stone body is resilient. (AC +6)
You are immune to poison.
You resist negative energy. (rN+)
You are resistant to electric shocks. (rElec)
You can survive without breathing.
You are immune to petrification.
You are immune to rotting.
You have a beak for a mouth.
You are partially covered in thin metallic scales. (AC +2)
You have a somewhat thin skeletal structure. (Dex +2, Stealth)
You evolve.


Message History

The seven-headed hydra bites you. x2; The seven-headed hydra bites you!
You block the seven-headed hydra's attack.
A howler monkey comes into view.
The ogre closely misses you.
As you read the scroll of teleportation, it crumbles to dust.
You feel strangely unstable.
You block the seven-headed hydra's attack.
The seven-headed hydra bites you but does no damage.
The seven-headed hydra bites you.
* * * LOW HITPOINT WARNING * * *
The seven-headed hydra bites you!
* * * LOW HITPOINT WARNING * * *
The seven-headed hydra bites you.
* * * LOW HITPOINT WARNING * * *
The seven-headed hydra bites you but does no damage.
You block the seven-headed hydra's attack.
The steam dragon breathes steam at you. The ball of steam hits you!
You die...
Your body crumbles into a pile of gold.

#.# .# #.# ##
.#. ... .#...
#.# .#.## #
#.# ##....#.#
#.# #.....h.#
#.####.O..._..
#<....@Dh.....
####...§.♣....
#....§.....
###._....).
#....D...
##.......
.##..#. .. ..#


You could see a seven-headed hydra, an ogre and 2 howler monkeys.

Vanquished Creatures
  Grinder (Sewer)
  The ghost of iamserjio the Ruffian, an amateur TrFi of Okawaru (D:5)
  Eustachio (D:4)
  A hungry ghost (D:7)
  Menkaure (D:4)
  A water moccasin (D:7)
  A sky beast (D:6)
  A phantom (D:7)
  An ogre (D:7)
  3 centaurs
  2 big kobolds (Sewer)
  2 scorpions
  4 wights (D:7)
  4 howler monkeys (D:7)
  2 crimson imps
  4 quasits
  A hound (D:6)
  3 orc priests
  A bullfrog skeleton (D:7)
  2 orc wizards
  A centaur skeleton (D:5)
  Jessica (D:3)
  Natasha (thrice) (D:4)
  An iguana (D:5)
  4 worker ants
  5 big kobold zombies (Sewer)
  A hound zombie (D:7)
  13 adders
  4 shadow imps (Sewer)
  4 ufetubi (Sewer)
  2 oozes
  An adder zombie (D:5)
  3 worms
  4 dart slugs
  A leopard gecko (D:2)
  12 orcs
  4 ball pythons
  A bat zombie (Sewer)
  6 giant cockroaches
  7 goblins
  4 hobgoblins
  7 jackals
  14 kobolds
  11 bats
  7 frilled lizards
  A jackal skeleton (D:4)
  A kobold zombie (Sewer)
  A quokka skeleton (D:6)
  9 rats
  2 demonic plants (Temple)
172 creatures vanquished.

Vanquished Creatures (others)
  A bat zombie (Sewer)
1 creature vanquished.

Grand Total: 173 creatures vanquished

Notes
Turn   | Place    | Note
-------+----------+-------------------------------------------
     0 | D:1      | Lew the Gargoyle Fighter began the quest for the Orb.
     0 | D:1      | Reached XP level 1. HP: 14/14 MP: 1/1
    61 | D:1      | Reached XP level 2. HP: 14/19 MP: 2/2
    73 | D:1      | Reached skill level 2 in Axes
   316 | D:1      | Reached skill level 1 in Stealth
   316 | D:1      | Reached XP level 3. HP: 23/23 MP: 3/3
   571 | D:2      | Found an opulent altar of Gozag.
   601 | D:2      | Became a worshipper of Gozag Ym Sagoz the Greedy
   626 | D:2      | Reached XP level 4. HP: 26/28 MP: 4/4
   777 | D:2      | Found a basalt altar of Yredelemnul.
   969 | D:2      | Reached skill level 1 in Dodging
  1316 | D:3      | Noticed Jessica
  1329 | D:3      | Killed Jessica
  1329 | D:3      | Reached XP level 5. HP: 23/33 MP: 5/5
  1497 | D:3      | Reached skill level 3 in Axes
  1540 | D:3      | Found a white marble altar of Elyvilon.
  2027 | D:4      | Gained mutation: You evolve. [potion of mutation]
  2027 | D:4      | Gained mutation: You have a somewhat thin skeletal structure. (Dex +2, Stealth) [potion of mutation]
  2065 | D:4      | Gained mutation: You have a beak for a mouth. [evolution]
  2067 | D:4      | Found a glowing drain.
  2076 | Sewer    | Entered a sewer
  2287 | Sewer    | Reached XP level 6. HP: 36/38 MP: 6/6
  2487 | Sewer    | Found a burning altar of Makhleb.
  2502 | Sewer    | Reached XP level 7. HP: 28/44 MP: 7/7
  2615 | Sewer    | Gained mutation: You are partially covered in thin metallic scales. (AC +2) [evolution]
  2777 | Sewer    | Noticed Grinder
  2782 | Sewer    | Reached skill level 4 in Axes
  2782 | Sewer    | Paralysed by Grinder for 6 turns
  2808 | Sewer    | Killed Grinder
  3195 | D:4      | Noticed Menkaure
  3210 | D:4      | Killed Menkaure
  3210 | D:4      | Reached XP level 8. HP: 30/48 MP: 8/8
  3349 | D:4      | Found a hide-covered altar of Uskayaw.
  3355 | D:4      | Noticed Eustachio
  3379 | D:4      | Found Goobap's General Store.
  3410 | D:4      | Killed Eustachio
  3410 | D:4      | Reached skill level 5 in Fighting
  3410 | D:4      | Reached skill level 5 in Armour
  3410 | D:4      | Reached skill level 5 in Shields
  3456 | D:4      | Found a sparkling altar of Nemelex Xobeh.
  3693 | D:4      | Reached skill level 5 in Axes
  3923 | D:4      | Noticed Natasha
  3931 | D:4      | Killed Natasha
  3978 | D:4      | Found a burning altar of Makhleb.
  3981 | D:4      | Noticed a balrug
  3983 | D:4      | Found a glowing silver altar of Zin.
  3984 | D:4      | Noticed an angel
  4019 | D:4      | Gained mutation: Your mind is acute. (Int +2) [evolution]
  4035 | D:4      | Bought a ration for 60 gold pieces
  4035 | D:4      | Bought a potion of agility for 48 gold pieces
  4035 | D:4      | Bought a scroll of identify for 24 gold pieces
  4035 | D:4      | Bought a potion of heal wounds for 60 gold pieces
  4035 | D:4      | Bought a ration for 60 gold pieces
  4112 | D:4      | Found a bloodstained altar of Trog.
  4148 | D:4      | Noticed Natasha
  4154 | D:4      | Killed Natasha
  4255 | D:4      | Noticed Natasha
  4258 | D:4      | Killed Natasha
  4268 | D:4      | You fall through a shaft!
  4268 | D:5      | Entered Level 5 of the Dungeon
  4281 | D:5      | Found a snail-covered altar of Cheibriados.
  4550 | D:5      | Found a transporter.
  4552 | D:5      | Noticed iamserjio's ghost (amateur TrFi)
  4563 | D:5      | Found a transporter.
  4989 | D:5      | Killed iamserjio's ghost
  4989 | D:5      | Reached skill level 6 in Axes
  4989 | D:5      | Reached skill level 5 in Stealth
  5004 | D:5      | Reached XP level 9. HP: 25/54 MP: 9/9
  5365 | D:6      | Found a hide-covered altar of Uskayaw.
  5385 | D:6      | Found a shattered altar of Ashenzari.
  5768 | D:6      | Found a staircase to the Ecumenical Temple.
  5886 | D:6      | Reached skill level 7 in Axes
  6030 | Temple   | Entered the Ecumenical Temple
  6490 | D:7      | Lost mutation: Your mind is acute. (Int +2) [evolution]
  6706 | D:7      | Reached skill level 8 in Axes
  6737 | D:7      | Found a glowing golden altar of the Shining One.
  6784 | D:7      | Reached skill level 5 in Dodging
  7097 | D:8      | Found a sacrificial altar of Ru.
  7099 | D:8      | Found an ancient bone altar of Kikubaaqudgha.
  7100 | D:8      | Noticed a seven-headed hydra
  7107 | D:8      | HP: 2/54 [seven-headed hydra (1)]
  7107 | D:8      | Killed from afar by a steam dragon

Skill      XL: |  1  2  3  4  5  6  7  8  9 |
---------------+----------------------------+-----
Axes           | 2 3 4 6 8 |  8.4
Stealth        | 1 2 3 5 |  5.0
Dodging        | 1 2 3 5 |  5.0
Shields        | 4 5 |  5.0
Armour         | 4 5 |  5.0
Fighting       | 4 5 |  5.0

Action                   |  1- 3 |  4- 6 |  7- 9 || total
-------------------------+-------+-------+-------++-------
Melee: War axe           |   103 |   255 |   420 ||   778
       Peck              |       |    25 |   106 ||   131
  Use: Scroll            |     2 |     5 |    13 ||    20
       Potion            |     1 |     5 |     3 ||     9
 Stab: Sleeping          |       |       |     3 ||     3
       Distracted        |       |       |     1 ||     1
  Eat: Ration            |       |     2 |     5 ||     7
Armor: Scale mail        |    46 |   154 |   319 ||   519
Dodge: Dodged            |    29 |   121 |   239 ||   389
Block: Shield            |    61 |   156 |   341 ||   558
